 Seeded DCSS version 0.30.1-4-g462c640d31 (webtiles) character file.

Game seed: 15140874439476535185 (custom seed)

60 Psyclone the Conjurer (level 4, 27/27 HPs)
             Began as an Octopode Conjurer on Sept 18, 2023.
             Quit the game on level 1 of the Dungeon.
             The game lasted 00:03:55 (1864 turns).

Psyclone the Conjurer (Octopode Conjurer)           Turns: 1864, Time: 00:03:56

Health: 27/27      AC:  1    Str:  6    XL:     4   Next: 4%
Magic:  7/7        EV: 13    Int: 22    God:
Gold:   58         SH:  0    Dex: 10    Spells: 6/7 levels left

rFire   . . .        f - +0 rapier
rCold   . . .        (no shield)
rNeg    . . .        (helmet restricted)
rPois   .            (no amulet)
rElec   .            (no ring)
rCorr   .            (no ring)
SInv    .            (no ring)
Will    .....        (no ring)
Stlth   +++          (no ring)
HPRegen 0.24/turn    (no ring)
MPRegen 0.10/turn    (no ring)
                     (no ring)

%: no passive effects
@: no status effects
A: almost no armour, amphibious, 8 rings, camouflage 1, gelatinous body 1,
(nimble swimmer 1), tentacles
a: no special abilities


You were on level 1 of the Dungeon.
You visited 1 branch of the dungeon, and saw 2 of its levels.

You collected 58 gold pieces.

Inventory:

Hand Weapons
 f - a +0 rapier (weapon)
Scrolls
 b - 2 scrolls of teleportation {unknown}
 c - 2 scrolls of fog {unknown}
 i - a scroll of fear {unknown}
 k - a scroll of identify {unknown}
 l - a scroll of vulnerability {unknown}
Potions
 a - a potion of magic
 d - a potion of ambrosia {unknown}
 e - 3 potions of curing {unknown}
 g - a potion of resistance {unknown}
 h - a potion of haste {unknown}
 j - a potion of heal wounds {unknown}
 m - a potion of mutation {unknown}


   Skills:
 - Level 2.0 Dodging
 - Level 2.6 Stealth
 - Level 2.0 Spellcasting
 + Level 5.5 Conjurations


You had 6 spell levels left.
You knew the following spells:

 Your Spells              Type           Power      Damage    Failure   Level
a - Magic Dart            Conj           100%       1d8       1%          1

Your spell library contained the following spells:

 Spells                   Type           Power      Damage    Failure   Level
 Searing Ray              Conj           52%        2d6       2%          2
 Dazzling Flash           Conj/Hex       28%        N/A       13%         3
 Sublimation of Blood     Necr           2%         N/A       21%         2
 Wereblood                Tmut           2%         N/A       21%         2
 Fulminant Prism          Conj/Hex       7%         3d7       41%         4
 Iskenderun's Mystic Bla  Conj/Tloc      14%        2d5       41%         4
 Summon Hydra             Summ           1%         N/A       100%        7


Dungeon Overview and Level Annotations

Branches:
Dungeon (2/15) Zot: 10133

Altars:
Gozag


Innate Abilities, Weirdness & Mutations

You cannot wear most types of armour.
You are amphibious.
You can wear up to eight rings at the same time.
Your skin changes colour to match your surroundings (Stealth+).
Your rubbery body absorbs attacks. (AC +1, EV +1)
((You are camouflaged when in or above water. (Stealth+)))
You have tentacles for arms and can constrict up to eight enemies at once.


Message History

A kobold is nearby!
Casting: Magic Dart (safe; 1% risk of failure)
Confirm with . or Enter, or press ? or * to list all spells.
Aiming: Magic Dart (safe; 1% risk of failure)
Press: ? - help, Shift-Dir - straight line, f - kobold
Aim: a kobold, wielding a +0 whip (wandering, hasn't noticed you, 100% to hit)
The magic dart hits the kobold.
You kill the kobold!
You now have 6/7 mp.
Casting: Magic Dart (safe; 1% risk of failure)
Confirm with . or Enter, or press ? or * to list all spells.
You can't see any susceptible monsters within range! (Use Z to cast anyway.) Unknown command.
Casting: Magic Dart (safe; 1% risk of failure)
Confirm with . or Enter, or press ? or * to list all spells.
You can't see any susceptible monsters within range! (Use Z to cast anyway.) Unknown command.
e - 3 puce potions (gained 1)
You see here a +0 whip.
m - a viscous orange potion MP restored: 7
There is an open door here.
There is an open door here.
There is an open door here.
There is a stone staircase leading up here.
You climb upwards.
There is a stone staircase leading down here.
Things that are here:
a rat skeleton; a hobgoblin skeleton You see here a rat skeleton.
There is an open door here.
You see here a +0 spear.
You see here a +0 spear.
There is an open door here.
You see here a rat skeleton.
Things that are here:
a rat skeleton; a hobgoblin skeleton
There is a stone staircase leading down here.
Done exploring.
Are you sure you want to abandon this character and quit the game? (Confirm with "yes".)

### #.#
#.#########
#..@......#
#.#########
###########
#.#
#.........#
#.#
#.........#
#.#
#.........#
#.#
#.........#
#.#
#.........#
#.#
##.........#
#.#


There were no monsters in sight!

Vanquished Creatures
  An adder (D:2)
  4 dart slugs (D:1)
  2 bats
  8 endoplasms (D:1)
  2 goblins (D:1)
  6 hobgoblins
  4 kobolds
  A quokka (D:2)
  2 ball pythons (D:1)
  2 frilled lizards
  9 rats
41 creatures vanquished.

Notes
Turn   | Place    | Note
-------+----------+-------------------------------------------
     0 | D:1      | Psyclone the Octopode Conjurer began the quest for the Orb.
     0 | D:1      | Reached XP level 1. HP: 11/11 MP: 3/3
   284 | D:1      | Reached XP level 2. HP: 17/17 MP: 3/5
   512 | D:1      | Reached XP level 3. HP: 18/21 MP: 1/6
   619 | D:1      | Reached skill level 5 in Conjurations
  1155 | D:2      | Found an opulent altar of Gozag.
  1169 | D:2      | Found a faded altar of an unknown god.
  1526 | D:2      | Reached XP level 4. HP: 27/27 MP: 2/7
  1864 | D:1      | Quit the game

Illustrated notes

Levels and vault maps discovered:
D:1:      lightli_arrival_isolated_outpost, layout_basic
D:2:      minmay_alternating_diamond, layout_basic, basic_altar,
          basic_ecumenical_altar, serial_forest, infiniplex_forest_end_2,
          infiniplex_forest_clump_curved, infiniplex_forest_lined_2,
          infiniplex_forest_pool, infiniplex_forest_lined_3,
          infiniplex_forest_clump_curved

Skill      XL: |  1  2  3 |
---------------+----------+-----
Conjurations   | 5 |  5.5
Dodging        | |  2.0
Stealth        | |  2.6
Spellcasting   | |  2.0

Action                     |  1- 3 |  4- 6 || total
---------------------------+-------+-------++-------
  Melee: Unarmed           |    17 |       ||    17
         Tentacles         |     6 |       ||     6
         Constrict         |     6 |       ||     6
         Punch             |     1 |       ||     1
         Rapier            |    15 |       ||    15
   Cast: Magic Dart        |    57 |     1 ||    58
   Stab: Sleeping          |     3 |       ||     3
 Armour: Skin              |     3 |       ||     3
  Dodge: Dodged            |    25 |       ||    25
